 Dungeon Sprint DCSS version 0.27-a0-1513-g2aaa0cc67b (webtiles) character file.

Game seed: 5489186967233079257

16804 mhtbhm the Peltast (level 12, -2/177 HPs)
             Began as a Minotaur Fighter on July 10, 2021.
             Was the Champion of Qazlal.
             Succumbed to a ghost moth's poison
             ... in the Dungeon (Sprint VII: "The Pits").
             The game lasted 00:04:08 (1742 turns).

mhtbhm the Peltast (Minotaur Fighter)               Turns: 1742, Time: 00:04:09

Health: -2/177     AC: 12    Str: 21 (25) XL:     12   Next: 13%
Magic:  0/19       EV: 15    Int:  5      God:    Qazlal [******]
Gold:   36         SH: 23    Dex: 10 (11) Spells: 11/11 levels left

rFire    + . .     SeeInvis .   a - +2 war axe (freeze)
rCold    . . .     Faith    .   c - +0 kite shield
rNeg     + . .     Spirit   .   b - +3 ring mail {rF+}
rPois    .         Reflect  .   (helmet restricted)
rElec    .         Harm     .   (no cloak)
rCorr    .         Rampage  .   (no gloves)
Will     .....     NoTele   +   s - +0 pair of boots
Stlth    ..........             (no amulet)
HPRegen  0.39/turn              t - ring of positive energy
MPRegen  0.16/turn              p - +3 ring of evasion

@: mighty, berserking, lethally poisoned (-2 -> -46), repel missiles, very quick
A: horns 2, retaliatory headbutt
a: Renounce Religion, Upheaval, Elemental Force, Disaster Area


You were in the Dungeon.
You worshipped Qazlal.
Qazlal was exalted by your worship.
You visited 1 branch You collected 36 gold pieces.

Inventory:

Hand Weapons
 a - a +2 war axe of freezing (weapon)
Armour
 b - a +3 ring mail of fire resistance (worn)
 c - a +0 kite shield (worn)
 s - a +0 pair of boots (worn)
Jewellery
 p - a +3 ring of evasion (right hand)
 t - a ring of positive energy (left hand)
Scrolls
 j - 2 scrolls of blinking
 l - 5 scrolls of amnesia
 m - 2 scrolls of summoning
 u - a scroll of immolation
 v - 3 scrolls of identify
 w - 2 scrolls of fog
 x - 2 scrolls of enchant armour
 y - 2 scrolls of enchant weapon
Potions
 d - a potion of might
 e - 10 potions of curing
 f - 6 potions of heal wounds
 g - a potion of haste
 h - 4 potions of magic
 i - 4 potions of berserk rage
 k - 2 potions of invisibility
 o - a potion of resistance
 q - 3 potions of brilliance
 r - 2 potions of mutation


   Skills:
 + Level 14.8 Fighting
 + Level 18.5 Axes
 + Level 12.2 Armour
 + Level 6.1 Dodging
 + Level 0.4 Stealth
 + Level 19.5 Shields
 * Level 11.5 Invocations


You had 11 spell levels left.
You didn't know any spells.
Your spell library was empty.

Dungeon Overview and Level Annotations

Branches:
Dungeon (1/1)

Altars:
Ashenzari
Cheibriados
Dithmenos
Elyvilon
Fedhas
Gozag
Hepliaklqana
Kikubaaqudgha
Makhleb
Nemelex Xobeh
Okawaru
Qazlal
Ru
Sif Muna
Trog
Uskayaw
Vehumet
Wu Jian
Xom
Yredelemnul
Zin
The Shining One
Beogh
Jiyva
Lugonu


Innate Abilities, Weirdness & Mutations

You have a pair of horns on your head.
You reflexively headbutt those who attack you in melee.


Message History

Unknown command.
You don't have enough magic at the moment.
Unknown command.
Unknown command.
A red film seems to cover your vision as you go berserk!
You feel yourself moving faster!
You feel mighty! You block something's attack. Something hits you!
* * * LOW HITPOINT WARNING * * *
Something stings you.
* * * LOW HITPOINT WARNING * * *
You are lethally poisoned!
Something poisons you!
You feel you are being watched by something.
Something hits you.
* * * LOW HITPOINT WARNING * * *
Something barely misses you. You block something's attack.
You closely miss something.
* * * LOW HITPOINT WARNING * * *
You feel extremely sick.
Unknown command.
You barely miss something.
* * * LOW HITPOINT WARNING * * *
You feel very sick. Something barely misses you.
Something hits you but does no damage. Something stings you.
* * * LOW HITPOINT WARNING * * *
Unknown command.
You barely miss something.
* * * LOW HITPOINT WARNING * * *
You feel extremely sick.
Unknown command.
You barely miss something.
* * * LOW HITPOINT WARNING * * *
You feel very sick. Something hits you!
* * * LOW HITPOINT WARNING * * *
You block something's attack. x2
Unknown command.
You barely miss something.
You die...

#..#....#..#
+..........#
+..........#
#..#....#..#
#..........+
#..........+
###°'####''#
###'○####''#########
#..@...##...........
#.#{##.##.....).....
#.#23 .##..#########
# +O)# ##..# #))'
#..# #++##########
+}"#. #..#
........##..# ##+#.
#..# .#......##..#
##..# ........''..#
#..#


You could see a blizzard demon, a soul eater and a two-headed ogre.

Vanquished Creatures
  A fire giant (D)
  A great orb of eyes (D)
  2 boulder beetles (D)
  An ogre mage (D)
  3 two-headed ogres (D)
  A centaur warrior (D)
  A death yak (D)
  A sixfirhy (D)
  A deep troll (D)
  A swamp dragon (D)
  A phantasmal warrior (D)
  An eye of devastation (D)
  A molten gargoyle (D)
  3 black mambas (D)
  2 komodo dragons (D)
  An ice devil (D)
  A guardian mummy (D)
  A tyrant leech (D)
  2 trolls (D)
  A hornet (D)
  A wind drake (D)
  A vampire (D)
  Sigmund (D)
  A redback (D)
  7 yaks (D)
  A ynoxinul (D)
  An air elemental (D)
  2 wyverns (D)
  A fire bat (D)
  2 basilisks (D)
  6 vampire mosquitoes (D)
  A water moccasin (D)
  A floating eye (D)
  An orc warrior (D)
  A bullfrog (D)
  A scorpion (D)
  2 crimson imps (D)
  2 hounds (D)
  2 jellies (D)
  An iron imp (D)
  2 orc priests (D)
  A hell rat (D)
  2 orc wizards (D)
  A mummy (D)
  2 gnolls (D)
  An adder (D)
  2 white imps (D)
  An ufetubus (D)
  An adder skeleton (D)
  2 orcs (D)
  A ball python (D)
  2 bats (D)
  A bat skeleton (D)
  An endoplasm (D)
  2 goblins (D)
  A hobgoblin (D)
  A quokka (D)
  A frilled lizard (D)
  A jackal zombie (D)
  A kobold (D)
  A rat (D)
91 creatures vanquished.

Notes
Turn   | Place    | Note
-------+----------+-------------------------------------------
     0 | D        | mhtbhm the Minotaur Fighter began the quest for the Orb.
     0 | D        | Reached XP level 1. HP: 19/19 MP: 0/0
    19 | D        | Found a bloodstained altar of Trog.
    19 | D        | Found a shimmering blue altar of Sif Muna.
    19 | D        | Found a viscous altar of Jiyva.
    19 | D        | Found a hazy altar of Hepliaklqana.
    19 | D        | Found an opulent altar of Gozag.
    20 | D        | Found a glowing golden altar of the Shining One.
    20 | D        | Found a glowing silver altar of Zin.
    20 | D        | Found a basalt altar of Yredelemnul.
    20 | D        | Found a shimmering altar of Xom.
    20 | D        | Found an ornate altar of the Wu Jian Council.
    20 | D        | Found a sacrificial altar of Ru.
    20 | D        | Found a stormy altar of Qazlal.
    20 | D        | Found an iron altar of Okawaru.
    20 | D        | Found a sparkling altar of Nemelex Xobeh.
    20 | D        | Found a burning altar of Makhleb.
    20 | D        | Found a blossoming altar of Fedhas.
    20 | D        | Found a white marble altar of Elyvilon.
    20 | D        | Found a shadowy altar of Dithmenos.
    20 | D        | Found a snail-covered altar of Cheibriados.
    22 | D        | Found a radiant altar of Vehumet.
    22 | D        | Found a corrupted altar of Lugonu.
    23 | D        | Found a hide-covered altar of Uskayaw.
    23 | D        | Found an ancient bone altar of Kikubaaqudgha.
    23 | D        | Found a broken altar of Ashenzari.
    27 | D        | Became a worshipper of Qazlal Stormbringer
    68 | D        | Reached skill level 4 in Shields
    78 | D        | Reached * piety under Qazlal
    88 | D        | Noticed a scorpion
    96 | D        | Killed a scorpion
    97 | D        | Reached skill level 5 in Armour
    97 | D        | Reached skill level 6 in Shields
    97 | D        | Reached XP level 2. HP: 30/30 MP: 1/1
    97 | D        | Reached XP level 3. HP: 37/37 MP: 2/2
    97 | D        | Reached XP level 4. HP: 44/44 MP: 3/3
   104 | D        | Reached ** piety under Qazlal
   180 | D        | Noticed an orc warrior
   189 | D        | Reached *** piety under Qazlal
   190 | D        | Reached skill level 5 in Axes
   190 | D        | Reached skill level 7 in Shields
   191 | D        | Reached skill level 1 in Dodging
   203 | D        | Killed an orc warrior
   204 | D        | Reached skill level 8 in Shields
   204 | D        | Reached XP level 5. HP: 41/52 MP: 4/4
   206 | D        | Reached skill level 9 in Shields
   207 | D        | Reached **** piety under Qazlal
   209 | D        | Reached XP level 6. HP: 36/60 MP: 5/5
   212 | D        | Reached skill level 10 in Shields
   330 | D        | Noticed a floating eye
   331 | D        | Killed a floating eye
   334 | D        | Noticed a water moccasin
   334 | D        | Noticed Sigmund
   340 | D        | Reached ***** piety under Qazlal
   347 | D        | Killed Sigmund
   348 | D        | Reached skill level 10 in Axes
   348 | D        | Reached skill level 11 in Shields
   348 | D        | Reached XP level 7. HP: 69/69 MP: 6/6
   366 | D        | Noticed a fire bat
   366 | D        | Noticed a black mamba
   366 | D        | Noticed a vampire
   371 | D        | Killed a fire bat
   372 | D        | Reached skill level 12 in Shields
   375 | D        | Killed a black mamba
   376 | D        | Reached skill level 13 in Shields
   376 | D        | Reached XP level 8. HP: 78/78 MP: 7/7
   390 | D        | Reached skill level 10 in Armour
   587 | D        | Noticed a centaur warrior
   596 | D        | Reached skill level 1 in Invocations
   596 | D        | Killed a centaur warrior
   596 | D        | Reached ****** piety under Qazlal
   597 | D        | Reached skill level 14 in Shields
   597 | D        | Reached XP level 9. HP: 85/85 MP: 7/10
   612 | D        | Reached skill level 10 in Fighting
   627 | D        | Reached skill level 5 in Invocations
   634 | D        | Reached skill level 15 in Shields
   732 | D        | Noticed a phantasmal warrior
   736 | D        | Noticed a two-headed ogre
   742 | D        | Noticed a deep troll
   745 | D        | Killed a phantasmal warrior
   746 | D        | Reached XP level 10. HP: 90/95 MP: 13/13
   750 | D        | Killed a two-headed ogre
   751 | D        | Reached skill level 15 in Axes
   751 | D        | Reached skill level 16 in Shields
   757 | D        | Killed a deep troll
   759 | D        | Noticed a black mamba
   767 | D        | Killed a black mamba
   823 | D        | Noticed a swamp dragon
   823 | D        | Noticed a sixfirhy
   826 | D        | Killed a sixfirhy
   827 | D        | Reached skill level 17 in Shields
   831 | D        | Reached XP level 11. HP: 91/104 MP: 16/16
   834 | D        | Killed a swamp dragon
   885 | D        | Noticed a boulder beetle
   885 | D        | Noticed a great orb of eyes
   907 | D        | Noticed a death yak
   917 | D        | Killed a death yak
   928 | D        | Killed a great orb of eyes
   929 | D        | Reached skill level 18 in Shields
   931 | D        | Reached skill level 10 in Invocations
   933 | D        | Killed a boulder beetle
  1195 | D        | Reached skill level 5 in Dodging
  1502 | D        | Noticed a fire giant
  1519 | D        | Killed a fire giant
  1520 | D        | Reached skill level 19 in Shields
  1551 | D        | Noticed a boulder beetle
  1564 | D        | Killed a boulder beetle
  1726 | D        | Noticed a soul eater
  1726 | D        | Noticed a blizzard demon
  1726 | D        | Noticed an ogre mage
  1726 | D        | Noticed a two-headed ogre
  1726 | D        | Noticed a two-headed ogre
  1726 | D        | Noticed a two-headed ogre
  1727 | D        | Killed a two-headed ogre
  1727 | D        | Killed a two-headed ogre
  1727 | D        | Killed an ogre mage
  1728 | D        | Reached XP level 12. HP: 108/118 MP: 1/19
  1741 | D        | HP: 2/177 [something (8)]
  1742 | D        | Succumbed to a ghost moth's poison

Illustrated notes

Levels and vault maps discovered:
D:        pitsprint [storerooms_1, entrance_room_1, metal_vault_1, armoury_3,
          mini_pit_1, grid_room_1, main_hall_1, silver_pit, the_coven_1,
          the_vestibule_1, steel_vault_3, golden_pit, hallway_of_sentries,
          crystal_vault_1, iron_vault_1, final_vault]

Skill      XL: |  1  2  3  4  5  6  7  8  9 10 11 |
---------------+----------------------------------+-----
Fighting       | 6 7 8 9 11 12 14 | 14.8
Armour         | 5 7 9 10 11 12 | 12.2
Shields        | 6 8 9 11 13 14 15 17 19 | 19.5
Axes           | 4 7 10 11 13 14 16 18 | 18.5
Dodging        | 1 2 3 4 6 |  6.1
Invocations    | 3 6 9 11 | 11.5
Stealth        | |  0.4

Action                   |  1- 3 |  4- 6 |  7- 9 | 10-12 || total
-------------------------+-------+-------+-------+-------++-------
Melee: Hand axe          |    17 |    58 |    31 |       ||   106
       Headbutt          |     2 |    16 |    22 |    38 ||    78
       War axe           |     2 |       |    54 |   134 ||   190
Invok: Disaster Area     |       |       |       |     2 ||     2
  Use: Potion            |     1 |     3 |       |     5 ||     9
Armor: Scale mail        |    11 |       |       |       ||    11
       Plate armour      |       |    36 |    13 |       ||    49
       Chain mail        |       |       |     6 |     9 ||    15
       Ring mail         |       |       |       |    13 ||    13
Dodge: Dodged            |    10 |    12 |    11 |    26 ||    59
       Repelled          |       |       |       |     1 ||     1
Block: Kite shield       |    17 |    70 |    61 |    99 ||   247

Table legend: (Time is in decaauts)
 A = Elapsed time spent in this place.
 B = Non-inter-level travel time spent in this place.
 C = Inter-level travel time spent in this place.
 D = Time resting spent in this place.
 E = Time spent auto-exploring this place.
 F = Levels seen in this place.
 G = Mean time per level.
                   A        B        C        D        E       F      G
               +--------+--------+--------+--------+--------+-----+--------+
         Total |   1705 |   1705 |      0 |    659 |    142 |   1 | 1705.0 |
       Dungeon |   1705 |   1705 |      0 |    659 |    142 |   1 | 1705.0 |
               +--------+--------+--------+--------+--------+-----+--------+

Top non-repeatable levels by time:
       D: 1705 daAuts
